AoeStats
← 大王同学

Hill Fort

503816208Analyzed
4v4 RM · 28d ago on Sep 2, 2026· 56m 32s· 8 players
Game mode
Random Map
Map size
Large (8 player)
Population
200
Speed
Normal
Resources
Standard
Victory
Conquest
Starting age
Dark Age
Ending age
Imperial Age
RankedLock teamsTeams togetherTeam positionsShared explorationLock speedFull tech treeHidden civsTurbo modeCheats
Victory
Defeat
🇳🇿 Wei · New Zealand
1278
+14
🇳🇿 Saracens · New Zealand
1256
+15
🇯🇵 Spanish · Japan
1243
+16
🇳🇿 Hindustanis · New Zealand
1238
+16
🇭🇰 Sicilians · Hong Kong SAR China
1281
-17
🇨🇳 Goths · China
1257
-16
🇩🇪 Mapuche · Germany
1234
-15
🇨🇳 Huns · China
1167
-12
Krake
2:47 Loom
9:58 Feudal Age
10:33 Double-Bit Axe
17:59 Castle Age
16:16 Stone Mining
16:45 Fletching
17:31 Horse Collar
17:44 Gold Mining
24:20 Forging
27:08 Iron Casting
28:11 Bow Saw
29:59 Wheelbarrow
29:09 Town Watch
31:33 Malon
33:29 Gold Shaft Mining
37:38 Ballistics
37:20 Bodkin Arrow
37:37 Padded Archer Armor
39:37 Leather Archer Armor
40:59 Caravan
47:05 Imperial Age
47:21 Heavy Plow
47:57 Stone Shaft Mining
49:06 Blast Furnace
52:55 Pikeman
53:49 Scale Mail Armor
54:00 Halberdier
56:25 Chain Mail Armor
大王同学
11:08 Feudal Age
9:24 Loom
18:43 Castle Age
17:29 Bloodlines
17:33 Double-Bit Axe
19:27 Horse Collar
20:36 Bow Saw
21:20 Husbandry
21:32 Scale Barding Armor
23:29 Wheelbarrow
24:03 Fletching
25:11 Chain Barding Armor
28:38 Gold Mining
30:38 Forging
31:39 Heavy Plow
33:57 Iron Casting
34:20 Stone Mining
35:09 Gold Shaft Mining
39:05 Imperial Age
37:45 Hand Cart
37:15 Town Watch
38:35 Scale Mail Armor
38:14 Pikeman
38:54 Squires
38:40 Arson
39:06 Cavalier
40:24 Plate Barding Armor
40:50 Blast Furnace
40:06 Chain Mail Armor
39:15 Halberdier
40:37 Conscription
40:47 Ballistics
42:23 Hauberk
43:30 Bodkin Arrow
48:48 Light Cavalry
50:01 Plate Mail Armor
49:31 Bracer
方霍霍
11:50 Feudal Age
17:19 Castle Age
15:21 Double-Bit Axe
15:29 Horse Collar
19:50 Bow Saw
20:16 Fletching
20:26 Padded Archer Armor
22:22 Forging
22:17 Scale Barding Armor
23:01 Bodkin Arrow
23:21 Leather Archer Armor
30:42 Wheelbarrow
29:53 Town Watch
29:53 Loom
30:43 Thumb Ring
36:27 Imperial Age
33:58 Gold Mining
36:30 Bloodlines
36:20 Husbandry
36:58 Ballistics
36:58 Squires
36:18 Pikeman
37:36 Iron Casting
37:01 Scale Mail Armor
38:22 Parthian Tactics
38:25 Heavy Plow
38:37 Halberdier
43:15 Chemistry
43:34 Hand Cart
51:42 Blast Furnace
50:42 Scale Mail Armor
51:15 Conscription
Wosnwbwk
10:21 Feudal Age
11:17 Double-Bit Axe
11:18 Horse Collar
14:03 Loom
16:21 Wheelbarrow
19:50 Castle Age
21:38 Bow Saw
22:45 Elite Skirmisher
28:12 Wheelbarrow
27:23 Town Watch
31:55 Imperial Age
30:31 Fishing Lines
32:03 Hand Cart
32:33 Gold Mining
32:34 Stone Mining
32:46 Scale Mail Armor
32:56 Forging
32:48 Perfusion
33:49 Conscription
34:19 Squires
35:57 Anarchy
36:47 Elite Huskarl
37:47 Chain Mail Armor
38:07 Iron Casting
37:47 Chain Mail Armor
38:00 Gillnets
38:41 Heavy Plow
39:58 Iron Casting
39:27 Pikeman
40:20 Halberdier
42:57 Blast Furnace
47:01 Coinage
48:26 Banking
kokowatousaneize
11:07 Feudal Age
15:31 Castle Age
14:09 Double-Bit Axe
14:25 Horse Collar
18:22 Bow Saw
20:22 Loom
28:47 Heavy Plow
35:58 Imperial Age
34:53 Scale Barding Armor
35:12 Bloodlines
36:09 Chain Barding Armor
36:48 Wheelbarrow
35:58 Town Watch
36:51 Forging
36:09 Cavalier
38:25 Plate Barding Armor
39:00 Hand Cart
39:13 Husbandry
40:19 Two-Man Saw
39:47 Paladin
41:40 Iron Casting
43:51 Chemistry
43:21 Caravan
44:38 Blast Furnace
44:16 Conscription
43:56 Light Cavalry
45:18 Hussar
47:53 Supremacy
48:05 Bombard Tower
52:03 Hoardings
51:29 Inquisition
54:11 Fletching
54:21 Padded Archer Armor
54:21 Scale Mail Armor
54:07 Elite Conquistador
55:11 Ballistics
55:05 Fortified Wall
55:06 Masonry
Ayy Lmao
9:13 Loom
10:59 Feudal Age
16:20 Castle Age
14:37 Double-Bit Axe
14:58 Horse Collar
15:32 Gold Mining
17:05 Fletching
19:44 Bodkin Arrow
23:29 Bow Saw
26:14 Wheelbarrow
26:18 Heavy Plow
27:22 Hand Cart
28:41 Town Watch
30:41 Gold Shaft Mining
29:57 Stone Mining
34:25 Imperial Age
32:05 Scale Barding Armor
32:10 Forging
32:17 Bloodlines
33:41 Husbandry
34:06 Chain Barding Armor
34:49 Stone Shaft Mining
35:36 Iron Casting
34:38 Heavy Hei Guang Cavalry
37:36 Blast Furnace
38:08 Ming Guang Armor
38:19 Conscription
38:27 Caravan
your grace
9:19 Loom
12:06 Feudal Age
16:47 Castle Age
15:26 Horse Collar
15:41 Double-Bit Axe
16:37 Gold Mining
17:50 Bow Saw
18:34 Heavy Plow
21:47 Bloodlines
23:05 Scale Barding Armor
26:29 Forging
29:50 Iron Casting
31:38 Grand Trunk Road
33:41 Wheelbarrow
32:56 Town Watch
36:36 Imperial Age
34:41 Chain Barding Armor
35:41 Masonry
35:26 Murder Holes
35:40 Caravan
36:57 Gold Shaft Mining
36:13 Stone Mining
36:28 Husbandry
36:39 Bloodlines
37:55 Conscription
38:09 Hand Cart
37:40 Town Watch
38:59 Heavy Camel Rider
40:16 Plate Barding Armor
40:41 Blast Furnace
39:56 Fortified Wall
40:41 Imperial Camel Rider
46:17 Town Patrol
55:47 Chemistry
55:17 Fletching
N1K
10:23 Feudal Age
13:21 Loom
16:49 Castle Age
15:27 Double-Bit Axe
15:30 Horse Collar
18:44 Bow Saw
21:04 Wheelbarrow
23:08 Heavy Plow
29:12 Fortified Wall
33:37 Imperial Age
31:10 Gold Mining
33:22 Pikeman
34:03 Squires
33:48 Gambesons
34:53 Conscription
34:38 Scale Mail Armor
34:49 Forging
35:28 Masonry
35:00 Treadmill Crane
36:33 Two-Man Saw
36:10 Chain Mail Armor
37:07 Iron Casting
36:53 Hand Cart
37:15 Gold Shaft Mining
36:12 Onager
37:03 Town Watch
37:50 Plate Mail Armor
38:58 Blast Furnace
38:09 Caravan
39:01 Counterweights
39:43 Arson
40:13 Siege Onager
41:39 Siege Engineers
42:41 Scale Barding Armor
41:59 Light Cavalry
42:40 Husbandry
42:50 Bloodlines
42:40 Hussar
43:33 Stone Mining
44:42 Capped Ram
46:34 Elite Mameluke
49:08 Siege Ram
50:54 Chain Barding Armor
51:25 Murder Holes
54:37 Plate Barding Armor
54:03 Padded Archer Armor
Connection lost

Rejoining the realm…

Still unreachable

The connection could not be restored.

Session expired

The server has moved on; the page needs a fresh start.